 Dungeon Crawl Stone Soup version 0.23-a0-808-gd21de94 (webtiles) character file.

10 silenth the Grave Robber (level 2, 0/19 HPs)
             Began as a Mummy Necromancer on Jan 20, 2019.
             Hit by a stone thrown by a kobold (3 damage)
             ... on level 1 of the Dungeon.
             The game lasted 00:01:19 (307 turns).

silenth the Grave Robber (Mummy Necromancer)         Turns: 307, Time: 00:01:19

Health: 0/19       AC:  2    Str: 11    XL:     2   Next: 10%
Magic:  1/5        EV: 12    Int: 14    God:
Gold:   9          SH:  0    Dex: 12    Spells: 4/6 levels left

rFire    x . .     SeeInvis .   c - +0 dagger
rCold    + . .     Gourm    .   (no shield)
rNeg     + + +     Faith    .   a - +0 robe
rPois    ∞         Spirit   .   (no helmet)
rElec    .         Reflect  .   (no cloak)
rCorr    .         Harm     .   (no gloves)
MR       .....                  (no boots)
Stlth    ++........             (no amulet)
HPRegen  0.06/turn              (no ring)
MPRegen  0.09/turn              (no ring)

@: no status effects
A: no food or potions, fire vulnerability, cold resistance 1, negative energy
resistance 3, torment resistance, unbreathing
a: no special abilities


You were on level 1 of the Dungeon.
You were not hungry.

You visited 1 branch of the dungeon, and saw 1 of its levels.

You collected 9 gold pieces.

Inventory:

Hand Weapons
 c - a +0 dagger (weapon)
Armour
 a - a +0 robe (worn)
Scrolls
 b - a scroll of teleportation {unknown}


   Skills:
 - Level 1.5 Dodging
 + Level 1.8 Stealth
 + Level 2.9 Spellcasting
 * Level 4.2 Necromancy


You had 4 spell levels left.
You knew the following spells:

 Your Spells              Type           Power        Failure   Level  Hunger
a - Pain                  Necr           ##..         3%          1    N/A
b - Animate Skeleton      Necr           N/A          3%          1    N/A

Your spell library contained the following spells:

 Spells                   Type           Power        Failure   Level  Hunger
 Vampiric Draining        Necr           ##........   11%         3    N/A
 Animate Dead             Necr           N/A          36%         4    N/A
 Regeneration             Chrm/Necr      Unusable     N/A         3    N/A

Dungeon Overview and Level Annotations

Branches:
Dungeon (1/15)

Altars:


Innate Abilities, Weirdness & Mutations

You do not eat or drink.
Your flesh is vulnerable to fire.
You are immune to poison.
Your flesh is cold resistant. (rC+)
You are immune to negative energy. (rN+++)
You are immune to unholy pain and torment.
You can survive without breathing.


Message History

Found a stone staircase leading down.
The kobold hits your rat skeleton with a +0 short sword.
Your rat skeleton barely misses the kobold.
The kobold hits your rat skeleton with a +0 short sword.
Your rat skeleton bites the kobold.
The kobold hits your rat skeleton with a +0 short sword.
Your rat skeleton is destroyed!
Casting: Animate Skeleton (safe; 3% risk of failure)
Confirm with . or Enter, or press ? or * to list all spells.
Aiming: Pain (safe; 3% risk of failure)
Press: ? - help, Shift-Dir - straight line, f - kobold
Aim: a kobold, wielding a +0 short sword (severely wounded, chance to defeat MR: 85%)
The kobold writhes in agony!
You kill the kobold!
The kobold throws a stone.
The stone hits you.
* * * LOW HITPOINT WARNING * * *
A ball python comes into view.
There is a stone staircase leading down here.
The kobold throws a stone.
The stone hits you.
You die...

###.#.# .#.#.# S ...
#.#.# #####
#.#.###### ###...#
#........# ......#
###.####.# ###...#
#.# #># ##l##
#.####@# ## #.#
#...K..##....
#.##########........
#.....)K%..(.....###
##################


You could see a kobold.

Vanquished Creatures
  2 goblins (D:1)
  2 hobgoblins (D:1)
  2 bats (D:1)
  A frilled lizard (D:1)
  A kobold (D:1)
  2 rats (D:1)
10 creatures vanquished.

Notes
Turn   | Place    | Note
-------+----------+-------------------------------------------
     0 | D:1      | silenth the Mummy Necromancer began the quest for the Orb.
     0 | D:1      | Reached XP level 1. HP: 13/13 MP: 4/4
   158 | D:1      | Learned a level 1 spell: Animate Skeleton
   240 | D:1      | Reached XP level 2. HP: 6/19 MP: 0/5
   307 | D:1      | Hit by a stone thrown by a kobold

Vault maps used:
D:1:      lemuel_arrival_funnel, minmay_vboxes

Action                   || total
-------------------------++-------
Melee: Unarmed           ||    15
       Dagger            ||    13
 Cast: Pain              ||    16
       Animate Skeleton  ||     3
Armor: Robe              ||     8
Dodge: Dodged            ||    28

Table legend:
 A = Non-vault XP
 B = Vault XP
 C = Vault XP percentage of total XP
 D = Non-vault monster count
 E = Vault monster count
 F = Vault count percentage of total count
                 A         B        C        D         E       F
            +---------+---------+-------+---------+---------+-------
      Total |      13 |       2 |  13.3 |       8 |       2 |  20.0
            +---------+---------+-------+---------+---------+-------
        D:1 |      13 |       2 |  13.3 |       8 |       2 |  20.0
            +---------+---------+-------+---------+---------+-------
